 Dungeon Crawl Stone Soup version 0.29.1-12-g30fa7ad0bf (webtiles) character file.

Game seed: 16110798583618263994

1339 melloss the Covert (level 8, -3/36 HPs)
             Began as a Spriggan Enchanter on Dec 21, 2022.
             Was a Follower of Hepliaklqana.
             Slain by Duvessa
             ... wielding a +0 long sword
              (19 damage)
             ... on level 6 of the Dungeon.
             The game lasted 00:29:42 (8192 turns).

melloss the Covert (Spriggan Enchanter)             Turns: 8192, Time: 00:29:42

Health: -3/36      AC: 13    Str: 12    XL:     8   Next: 35%
Magic:  15/16      EV: 18    Int: 16    God:    Hepliaklqana [*.....]
Gold:   240        SH: 10    Dex: 16    Spells: 15/17 levels left

rFire   . . .      SeeInvis +   a - +2 dagger (protect)
rCold   . . .      Faith    .   J - +0 buckler
rNeg    . . .      Spirit   .   b - +0 robe
rPois   .          Reflect  +   (helmet restricted)
rElec   .          Harm     .   (no cloak)
rCorr   .          Rampage  .   (gloves unavailable)
Will    +....                   (boots unavailable)
Stlth   ++++......              L - amulet of reflection
HPRegen 0.12/turn               k - +6 ring of strength
MPRegen 0.15/turn               H - +4 ring of protection

@: under a protective aura, very quick
A: reduced essence, very small, no large weapons, unfitting armour, see
invisible, speed 3
a: Renounce Religion, Recall Ancestor, Ancestor Identity


You were on level 6 of the Dungeon.
You worshipped Hepliaklqana.
Hepliaklqana was aware of your devotion.
You visited 2 branches of the dungeon, and saw 8 of its levels.

You collected 240 gold pieces.

Inventory:

Hand Weapons
 a - a +2 dagger of protection (weapon)
 i - a +1 dagger
 t - a +0 sling
 D - a +0 dagger of draining
 E - a +0 rapier
 K - a +2 vorpal hand axe
Missiles
 f - 55 stones
 A - 3 poisoned darts (quivered)
Armour
 b - a +0 robe (worn)
 J - a +0 buckler (worn)
Jewellery
 k - a +6 ring of strength (left hand)
 p - a ring of positive energy
 w - a ring of positive energy
 H - a +4 ring of protection (right hand)
 L - an amulet of reflection (around neck)
Wands
 x - a wand of roots (14)
 C - a wand of quicksilver (1)
Scrolls
 e - a scroll of enchant weapon {unknown}
 j - a scroll of poison {unknown}
 l - 6 scrolls of identify {unknown}
 m - 3 scrolls of fear {unknown}
 n - a scroll of magic mapping {unknown}
 u - 2 scrolls of teleportation {unknown}
 y - 3 scrolls of vulnerability {unknown}
 z - 2 scrolls of acquirement {unknown}
 B - a scroll of blinking {unknown}
 F - a scroll of silence {unknown}
Potions
 c - 2 potions of invisibility
 d - a potion of cancellation
 g - 3 potions of curing {unknown}
 h - a potion of haste {unknown}
 o - a potion of berserk rage {unknown}
 q - a potion of heal wounds {unknown}
 r - a potion of magic {unknown}
 s - a potion of might {unknown}
 v - 2 potions of resistance {unknown}
 G - a potion of mutation {unknown}
 I - a potion of flight {unknown}


   Skills:
 + Level 3.0 Fighting
 + Level 4.3 Short Blades
 - Level 5.0 Dodging
 - Level 8.0 Stealth
 - Level 5.0 Spellcasting
 - Level 3.6 Hexes
 + Level 4.5 Ice Magic


You had 15 spell levels left.
You knew the following spells:

 Your Spells              Type           Power      Damage    Failure   Level
a - Ensorcelled Hibernat  Hex/Ice        34%        N/A       10%         2

Your spell library contained the following spells:

 Spells                   Type           Power      Damage    Failure   Level
 Confusing Touch          Hex            15%        N/A       22%         3
 Tukima's Dance           Hex            15%        N/A       22%         3
 Dazzling Flash           Conj/Hex       18%        N/A       43%         3
 Sublimation of Blood     Necr           4%         N/A       45%         2
 Wereblood                Tmut           4%         N/A       45%         2
 Summon Hydra             Summ           2%         N/A       100%        7


Dungeon Overview and Level Annotations

Branches:
Dungeon (7/15)             Temple (1/1) D:4

Altars:
Cheibriados
Fedhas
Hepliaklqana
Makhleb
Nemelex Xobeh
Okawaru
Qazlal
Ru
Sif Muna
Trog
Uskayaw
Vehumet
Zin
The Shining One

Annotations:
D:6 Duvessa


Innate Abilities, Weirdness & Mutations

Your life essence is reduced to manifest your ancestor. (-10% HP)
You are very small and have problems with some larger weapons.
You are too small for most types of armour.
You have supernaturally acute eyesight. (SInv)
You cover ground extremely quickly. (Speed+++)


Message History

You hear a shout!
You hear a shout!
You hear a shout!
You hear a shout!
You hear a shout!
You hear a shout!
You hear a shout!
You hear a shout!
You hear a shout!
You hear a shout!
You hear a shout!
Adrianna is recalled.
Adrianna hits Duvessa but does no damage.
Duvessa hits Adrianna with a +0 long sword!
Duvessa misses you.
Adrianna hits Duvessa but does no damage.
You closely miss Duvessa. Duvessa hits you with a +0 long sword!!
Ouch! That really hurt!
Adrianna hits Duvessa but does no damage.
You barely miss Duvessa. Duvessa completely misses you.
You hit Duvessa but do no damage.
Your weapon exudes an aura of protection.
Duvessa completely misses you.
Adrianna hits Duvessa.
You hit Duvessa but do no damage.
Duvessa is lightly wounded.
Duvessa hits you but does no damage.
Adrianna hits Duvessa.
Duvessa completely misses you.
You closely miss Duvessa.
Duvessa is lightly wounded.
You block Duvessa's attack.
Adrianna barely misses Duvessa.
You hit Duvessa but do no damage.
Duvessa is lightly wounded.
Duvessa completely misses you.
Adrianna hits Duvessa but does no damage.
Duvessa closely misses you.
You hit Duvessa.
Duvessa is lightly wounded.
Duvessa hits you with a +0 long sword!!
Ouch! That really hurt!
You die...

..# #.##.# #...# #......'..
..# #....# #...# ##.######..
..# #..#######...###..## #..
..# #..#...............# #..
..######..##.####...##....#
#..
.......#..........####....#
#.. .......##.#..####.#
#....# #..
.......'...<.....e##########
###
.......##.######@R.........#
.......##......#...........#
>..........................#
.......#######.#...........#
.......# #.#######..####
.....#########.# ##....##
####...........# ####..#
################ ##.#
#........รท..####### #.#


You could see the friendly Adrianna the ancestor and Duvessa (berserk, ally
target).

Vanquished Creatures
  Sigmund (D:4)
  A black bear (D:5)
  A necrophage (D:4)
  2 scorpions
  Dowan (D:5)
  A howler monkey (D:5)
  2 hounds
  3 jellies
  3 orc priests
  Crazy Yiuf (D:4)
  Ijyb (D:5)
  Jessica (D:3)
  3 iguanas
  5 orc wizards
  5 gnolls
  4 adders
  2 white imps (D:6)
  2 ufetubi
  2 worms
  4 dart slugs
  20 orcs
  8 ball pythons
  5 bats
  5 endoplasms
  3 giant cockroaches
  6 goblins
  11 hobgoblins
  10 jackals
  9 kobolds
  3 quokkas
  7 frilled lizards
  7 rats
139 creatures vanquished.

Vanquished Creatures (collateral kills)
  A howler monkey (D:7)
  A white imp (D:6)
2 creatures vanquished.

Vanquished Creatures (others)
  An ancestor (D:5)
1 creature vanquished.

Grand Total: 142 creatures vanquished

Notes
Turn   | Place    | Note
-------+----------+-------------------------------------------
     0 | D:1      | melloss the Spriggan Enchanter began the quest for the Orb.
     0 | D:1      | Reached XP level 1. HP: 9/9 MP: 5/5
    81 | D:1      | Reached XP level 2. HP: 13/13 MP: 6/6
    86 | D:1      | Reached skill level 5 in Stealth
   363 | D:1      | Learned a level 2 spell: Ensorcelled Hibernation
   368 | D:1      | Reached XP level 3. HP: 11/16 MP: 2/8
  1046 | D:1      | Reached skill level 6 in Stealth
  1414 | D:2      | Found a faded altar of an unknown god.
  1506 | D:2      | Reached XP level 4. HP: 15/21 MP: 1/9
  2719 | D:3      | Noticed Jessica
  2726 | D:3      | Killed Jessica
  2727 | D:3      | Reached skill level 5 in Dodging
  2727 | D:3      | Reached skill level 7 in Stealth
  2782 | D:3      | Found a sacrificial altar of Ru.
  2937 | D:3      | Reached XP level 5. HP: 17/24 MP: 2/10
  3074 | D:3      | Reached skill level 8 in Stealth
  3140 | D:3      | Found a shimmering blue altar of Sif Muna.
  3156 | D:3      | Reached skill level 1 in Ice Magic
  4091 | D:4      | Reached XP level 6. HP: 27/28 MP: 10/12
  4186 | D:4      | Found a staircase to the Ecumenical Temple.
  4347 | D:4      | Noticed Sigmund
  4353 | D:4      | Killed Sigmund
  4436 | D:4      | Reached XP level 7. HP: 25/32 MP: 8/15
  4445 | D:4      | Reached skill level 5 in Spellcasting
  4807 | D:4      | Found a runed translucent door.
  4808 | D:4      | Noticed Crazy Yiuf
  4815 | D:4      | Killed Crazy Yiuf
  4996 | D:4      | Reached skill level 1 in Fighting
  5097 | Temple   | Entered the Ecumenical Temple
  5251 | Temple   | Became a worshipper of Hepliaklqana the Forgotten
  5292 | D:5      | Entered Level 5 of the Dungeon
  5487 | D:5      | Noticed Ijyb
  5500 | D:5      | Killed Ijyb
  5607 | D:5      | Noticed Dowan
  5610 | D:5      | Noticed Duvessa
  5620 | D:5      | Killed Dowan
  6070 | D:5      | Reached XP level 8. HP: 39/39 MP: 16/16
  7474 | D:6      | Reached * piety under Hepliaklqana
  8192 | D:6      | Slain by Duvessa

Illustrated notes

Levels and vault maps discovered:
D:1:      dpeg_arrival_brainrot, layout_loops_ring, minmay_misc_feat_ornament,
          minmay_tromino_v4_a
D:2:      layout_basic, hellmonk_ecumenical_altar_lost_god, serial_corexii_hall,
          corexii_hall_statues_i, corexii_hall_statues_t,
          corexii_hall_statues_x, corexii_hall_statues_u
D:3:      layout_loops_ring, kennysheep_orc_sif_temple,
          nicolae_ru_path_of_blood, uniq_jessica
D:4:      layout_rooms, minmay_temple_entry_drinking_statues, uniq_sigmund,
          uniq_crazy_yiuf_cottage
D:5:      layout_loops_ring, uniq_duvessa, uniq_ijyb
D:6:      layout_basic
D:7:      layout_cave_pods, chequers_temple_overflow_minitemple,
          nrook_mini_backslash, chequers_serial_rivers_large_a,
          kennysheep_generic_room_9
Temple:   hellmonk_temple_forest_ring

Skill      XL: |  1  2  3  4  5  6  7  8 |
---------------+-------------------------+-----
Dodging        | 3 4 5 |  5.0
Stealth        | 5 6 7 8 |  8.0
Spellcasting   | 3 4 5 |  5.0
Ice Magic      | 1 2 4 |  4.5
Fighting       | 2 3 |  3.0
Short Blades   | 3 4 |  4.3
Hexes          | |  3.6

Action                   |  1- 3 |  4- 6 |  7- 9 || total
-------------------------+-------+-------+-------++-------
Melee: Dagger            |   144 |   126 |   172 ||   442
       Punch             |     1 |     1 |     1 ||     3
Throw: Stone             |       |       |     3 ||     3
       Dart              |       |       |     5 ||     5
 Cast: Ensorcelled Hiber |    12 |    33 |    39 ||    84
Invok: Recall Ancestor   |       |       |     3 ||     3
       Ancestor Identity |       |       |     1 ||     1
Evoke: Wand              |       |       |     1 ||     1
  Use: Potion            |       |       |     1 ||     1
 Stab: Sleeping          |    20 |    38 |    27 ||    85
       Distracted        |       |       |     1 ||     1
Armor: Robe              |    20 |    19 |    26 ||    65
Dodge: Dodged            |   100 |   100 |   132 ||   332
Block: Buckler           |       |       |     9 ||     9
